 Dungeon Crawl Stone Soup version 0.18-a0-1800-gdc7a371 (webtiles) character file.

150 Murumi the Distorting Ant (level 5, -2/41 HPs)
             Began as a Formicid Abyssal Knight on Apr 24, 2016.
             Was a Believer of Lugonu.
             Killed from afar by an orc wizard (11 damage)
             ... with a puff of flame
             ... on level 3 of the Dungeon.
             The game lasted 00:09:34 (3135 turns).

Murumi the Distorting Ant (Formicid Abyssal Knight) Turns: 3135, Time: 00:09:35

Health: -2/41      AC:  5    Str: 18    XL:     5   Next: 58%
Magic:  7/8        EV: 10    Int: 11    God:    Lugonu [**....]
Gold:   109        SH:  0    Dex: 10    Spells: 0 memorised, 4 levels left

rFire  . . .     SeeInvis +     a - +2 falchion
rCold  . . .     Gourm    .     m - +0 ring mail
rNeg   . . .     Faith    .     (no shield)
rPois  .         Spirit   .     (helmet unavailable)
rElec  .         Dismiss  .     (no cloak)
rCorr  .         Reflect  .     (no gloves)
SustAt +         Harm     .     (no boots)
MR     .....                    (no amulet)
Stlth  ..........               l - ring of wizardry
                                e - ring of sustain attributes

@: not resistant to hostile enchantments, extremely unstealthy
A: permanent stasis, dig shafts and tunnels, four strong arms, antennae 3
a: Dig, Shaft Self, Depart the Abyss, Bend Space, Renounce Religion


You were on level 3 of the Dungeon.
You worshipped Lugonu.
Lugonu was pleased with you.
You were hungry.

You visited 1 branch of the dungeon, and saw 3 of its levels.
You visited the Abyss 1 time.

You collected 109 gold pieces.

Inventory:

Hand Weapons
 a - a +2 falchion (weapon)
Missiles
 f - 14 bolts
Armour
 m - a +0 ring mail (worn)
Jewellery
 e - a ring of sustain attributes (left hand)
 l - a ring of wizardry (right hand)
Scrolls
 d - a scroll of magic mapping
 k - a scroll of remove curse
Potions
 i - a potion of magic
 j - 2 potions of curing
 n - a potion of might {unknown}
 o - a potion of haste {unknown}
 p - 2 potions of flight {unknown}
 q - a potion of agility {unknown}
Comestibles
 c - 4 bread rations
 g - 2 meat rations
 h - a beef jerky


   Skills:
 - Level 3.2 Fighting
 - Level 4.0 Long Blades
 - Level 2.1 Armour
 - Level 1.0 Dodging
 + Level 4.6 Invocations


You had 4 spell levels left.
You didn't know any spells.

Dungeon Overview and Level Annotations

Branches:
Dungeon (3/15)

Altars:
Ru
Xom


Innate Abilities, Weirdness & Mutations

You are under a permanent stasis effect.
You can dig through walls and to a lower floor.
Your four strong arms can wield two-handed weapons with a shield.
You have a pair of large antennae on your head (SInv).


Message History

The puff of frost hits you!
You hit the orc wizard.
The orc wizard is almost dead.
The orc wizard hits you but does no damage.
The orc wizard closely misses you.
You closely miss the orc wizard.
The orc wizard is almost dead.
The orc wizard hits you with a dagger of holy wrath.
The orc wizard points at you and mumbles some strange words.
The puff of frost hits you!
* * * LOW HITPOINT WARNING * * *
Space bends around you!
You blink.
* * * LOW HITPOINT WARNING * * *
You feel slightly more hungry.
You are too injured to fight recklessly!
Drink which item? (? for menu, Esc to quit)
You feel better.
The orc wizard points at you and mumbles some strange words.
The puff of flame hits you!
You die...

**+**#....................
*,........#......########.
*......##.#..###.########.
*......##.#...............
*......##.##.###.#.######.
*##+####*#......)........#.
*......###.#......#.######.
*......)oo.'......#.# #.
*......###@#..>...### #.
*.$..?,* #.######## ##
*....,,* #.##### ######
*...,,,**#.....#######.....
*..,,,,,,#.....'.....+.....
*#***,,,,#.....#######.....
*,,,,#.....# #.....
*,,,,#.....# ######
*,,,,#.....# ***


You could see an orc wizard and an orc.

Vanquished Creatures
  Ijyb (D:3)
  2 adders
  An ooze (D:3)
  2 worms
  5 dart slugs
  4 giant geckos
  8 orcs
  6 bats
  4 giant cockroaches
  6 goblins
  9 hobgoblins
  6 jackals (D:1)
  3 giant newts
  8 kobolds
  6 rats
71 creatures vanquished.

Notes
Turn   | Place    | Note
--------------------------------------------------------------
     0 | Abyss:1  | Murumi the Formicid Abyssal Knight began the quest for the Orb.
     0 | Abyss:1  | Reached XP level 1. HP: 18/18 MP: 2/2
    95 | D:1      | Escaped the Abyss
   100 | D:1      | Reached skill level 1 in Dodging
   150 | D:1      | Reached XP level 2. HP: 21/24 MP: 3/3
   154 | D:1      | Reached * piety under Lugonu
   666 | D:1      | Reached XP level 3. HP: 18/29 MP: 4/4
  1266 | D:2      | Reached ** piety under Lugonu
  1325 | D:2      | Reached XP level 4. HP: 27/35 MP: 5/5
  1949 | D:2      | Found a sacrificial altar of Ru.
  2628 | D:3      | Found a shimmering altar of Xom.
  2641 | D:3      | Reached XP level 5. HP: 41/41 MP: 7/7
  3004 | D:3      | Noticed Ijyb
  3017 | D:3      | Killed Ijyb
  3135 | D:3      | Killed from afar by an orc wizard

Vault maps used:
D:1:      minmay_arrival_radiant_lines, minmay_stone_trees_medium
D:2:      nicolae_overflow_crystal_walls
D:3:      overflow_temple_1_default, uniq_iyjb

Skill      XL: |  1  2  3  4  5 |
---------------+----------------+-----
Dodging        | 1 |  1.0
Long Blades    | 3 4 |  4.0
Invocations    | 3 4 |  4.6
Fighting       | |  3.2
Armour         | |  2.1

Action                   |  1- 3 |  4- 6 || total
-------------------------+-------+-------++-------
Melee: Falchion          |   141 |   148 ||   289
Invok: Depart the Abyss  |     1 |       ||     1
       Bend Space        |       |     1 ||     1
  Use: Scroll            |     4 |     8 ||    12
       Potion            |       |     1 ||     1
  Eat: Chunk             |     2 |     5 ||     7
Armor: Leather armour    |    26 |       ||    26
       Ring mail         |    30 |    49 ||    79
Dodge: Dodged            |   106 |    53 ||   159
